 Dungeon Crawl Stone Soup version 0.16.2-12-gd0ad4c3 (webtiles) character file.

228 Kloppie the Skirmisher (level 6, -4/51 HPs)
             Began as a Formicid Fighter on Oct 30, 2015.
             Was an Initiate of Elyvilon.
             Slain by an ogre
             ... wielding a +0 giant club
              (15 damage)
             ... on level 4 of the Dungeon.
             The game lasted 00:07:43 (3350 turns).

Kloppie the Skirmisher (Formicid Fighter)           Turns: 3350, Time: 00:07:43

Health: -4/51      AC:  6    Str: 21    XL:     6   Next: 22%
Magic:  8/8        EV:  7    Int:  7    God:    Elyvilon [......]
Gold:   177        SH:  9    Dex: 12    Spells: 0 memorised, 5 levels left

rFire  . . .     SeeInvis +     a - +0 war axe
rCold  . . .     Clarity  .     t - +0 scale mail
rNeg   . . .     SustAb   .     c - +0 shield
rPois  .         Gourm    .     (helmet unavailable)
rElec  .         Spirit   .     (no cloak)
rCorr  .         Warding  .     (no gloves)
rMut   .         Stasis   +     (no boots)
MR     .....                    (no amulet)
Stlth  ..........               (no ring)
                                (no ring)

@: not resistant to hostile enchantments, extremely unstealthy
A: permanent stasis, dig shafts and tunnels, four strong arms, antennae 3
a: Dig, Shaft Self, Renounce Religion


You were on level 4 of the Dungeon.
You worshipped Elyvilon.
Elyvilon was noncommittal.
You were very hungry.

You visited 2 branches of the dungeon, and saw 5 of its levels.

You collected 177 gold pieces.

Inventory:

Hand weapons
 a - a +0 war axe (weapon)
 b - a +0 blowgun
Missiles
 u - 7 poisoned needles
Armour
 c - a +0 shield (worn)
 t - a +0 scale mail (worn)
Jewellery
 l - an uncursed ring of magical power {unknown}
Scrolls
 g - 4 scrolls of remove curse {unknown}
 k - 2 scrolls of identify {unknown}
 n - 3 scrolls of teleportation {unknown}
 q - 2 scrolls of random uselessness {unknown}
 r - 2 scrolls of blinking {unknown}
 w - a scroll of magic mapping {unknown}
 y - a scroll of amnesia {unknown}
Potions
 e - a potion of might
 i - 2 potions of curing {unknown}
 j - a potion of agility {unknown}
 o - a potion of invisibility {unknown}
 p - a potion of haste {unknown}
 v - a potion of flight {unknown}
 x - a potion of heal wounds {unknown}
 z - a potion of brilliance {unknown}
Comestibles
 d - 2 bread rations
 f - a slice of pizza
 h - a meat ration
 m - a royal jelly
 s - 2 beef jerkies


   Skills:
 + Level 5.6 Fighting
 + Level 4.3 Axes
 - Level 3.2 Armour
 - Level 3.6 Shields


You had 5 spell levels left.
You didn't know any spells.

Dungeon Overview and Level Annotations

Branches:
Dungeon (4/15)             Temple (1/1) D:4

Altars:
Ashenzari
Cheibriados
Elyvilon
Gozag
Kikubaaqudgha
Nemelex Xobeh
Qazlal
Sif Muna
Trog
Vehumet
Xom
Yredelemnul
The Shining One


Innate Abilities, Weirdness & Mutations

You are under a permanent stasis effect.
You can dig through walls and to a lower floor.
Your four strong arms can wield two-handed weapons with a shield.
You have a pair of large antennae on your head (SInv).


Message History

The worker ant is heavily wounded.
You block the worker ant's attack.
Your shield and scale mail prevent you from hitting the worker ant.
The worker ant is heavily wounded.
The worker ant bites you. You block the worker ant's attack.
You slash the worker ant!
You kill the worker ant!
An ogre comes into view. It is wielding a giant club.
The ogre shouts!
You closely miss the ogre. You block the ogre's attack.
You hit the ogre.
The ogre is lightly wounded.
The ogre hits you with a giant club!
You hit the ogre but do no damage.
The ogre is lightly wounded.
The ogre hits you with a giant club!!
* * * LOW HITPOINT WARNING * * *
You are too injured to fight recklessly!
The ogre hits you with a giant club!
You die...

........#........
........#.#.....#####.
...<...................
............#...#......#
#########...#.⌠.#.....<..
..........###...###......
.........................
..#####...⌠..>.[O....####
#........@.....%...
#..###...###....###
#....#.⌠.#........
#....#...#....#..#
#.?..............#
#...#....#..#..#.
..>#.#..#..#..#
#.#..#..... .....


You could see an ogre.

Vanquished Creatures
  2 worker ants (D:4)
  Natasha (thrice) (D:3)
  7 adders
  A giant mite (D:3)
  3 worms (D:2)
  2 giant geckos (D:1)
  2 orcs (D:3)
  A ball python (D:1)
  8 giant cockroaches
  6 hobgoblins
  A quokka (D:3)
  7 bats
  2 giant newts (D:3)
  11 goblins
  5 kobolds
  3 rats (D:3)
64 creatures vanquished.

Notes
Turn   | Place    | Note
--------------------------------------------------------------
     0 | D:1      | Kloppie, the Formicid Fighter, began the quest for the Orb.
     0 | D:1      | Reached XP level 1. HP: 18/18 MP: 1/1
   305 | D:1      | Reached XP level 2. HP: 24/24 MP: 3/3
   884 | D:2      | Reached skill level 4 in Fighting
   884 | D:2      | Reached XP level 3. HP: 19/30 MP: 4/4
  1270 | D:2      | Found a stormy altar of Qazlal.
  1321 | D:2      | Reached XP level 4. HP: 35/38 MP: 5/5
  2140 | D:3      | Reached XP level 5. HP: 43/43 MP: 7/7
  2153 | D:3      | Noticed Natasha
  2160 | D:3      | Killed Natasha
  2447 | D:3      | Found a radiant altar of Vehumet.
  2485 | D:3      | Found a basalt altar of Yredelemnul.
  2486 | D:3      | Noticed a profane servitor
  2520 | D:3      | Reached skill level 5 in Fighting
  2552 | D:3      | Found a white marble altar of Elyvilon.
  2566 | D:3      | Noticed Natasha
  2575 | D:3      | Killed Natasha
  2608 | D:3      | Became a worshipper of Elyvilon the Healer
  2692 | D:3      | Found a glowing golden altar of the Shining One.
  2693 | D:3      | Noticed an angel
  2851 | D:3      | Noticed Natasha
  2855 | D:3      | Killed Natasha
  3125 | D:4      | Reached XP level 6. HP: 51/51 MP: 8/8
  3130 | D:4      | Found a staircase to the Ecumenical Temple.
  3143 | Temple   | Entered the Ecumenical Temple
  3341 | D:4      | Noticed an ogre
  3350 | D:4      | Slain by an ogre

Action                   |  1- 3 |  4- 6 || total
-------------------------+-------+-------++-------
Melee: War axe           |    71 |   170 ||   241
  Eat: Chunk             |     1 |     6 ||     7
